 Dungeon Crawl Stone Soup version 0.20.0-15-g7f486f2 (webtiles) character file.

91 theemperora the Covered (level 4, 37/37 HPs)
             Began as a Formicid Fighter on June 10, 2017.
             Was a Follower of Kikubaaqudgha.
             Got out of the dungeon alive.
             The game lasted 00:09:07 (2358 turns).

theemperora the Covered (Formicid Fighter)          Turns: 2358, Time: 00:09:08

Health: 37/37      AC:  7    Str: 21    XL:     4   Next: 87%
Magic:  4/4        EV:  8    Int:  8    God:    Kikubaaqudgha [*.....]
Gold:   141        SH:  9    Dex: 10    Spells: 3/3 levels left

rFire    . . .     SeeInvis +   a - +1 long sword
rCold    . . .     Gourm    .   c - +0 shield
rNeg     . . .     Faith    .   b - +0 scale mail
rPois    .         Spirit   .   (helmet unavailable)
rElec    .         Reflect  .   (no cloak)
rCorr    .         Harm     .   (no gloves)
MR       .....                  (no boots)
Stlth    ..........             (no amulet)
Regen    0.2/turn               (no ring)
MPRegen  0.1/turn               (no ring)

@: no status effects
A: permanent stasis, dig shafts and tunnels, four strong arms, antennae 3
a: Dig, Shaft Self, Receive Corpses, Renounce Religion


You escaped.
You worshipped Kikubaaqudgha.
Kikubaaqudgha was aware of your devotion.
You were not hungry.

You visited 1 branch of the dungeon, and saw 2 of its levels.

You collected 141 gold pieces.

Inventory:

Hand Weapons
 a - a +1 long sword (weapon)
Armour
 b - a +0 scale mail (worn)
 c - a +0 shield (worn)
Jewellery
 e - a +2 ring of protection {unknown}
Scrolls
 f - 2 scrolls of identify
 i - a scroll of fog
Potions
 d - a potion of might
Books
 h - Kikubaaqudgha's Grimoire of Dark Secrets
   (Kikubaaqudgha gifted it to you on level 2 of the Dungeon)

   Spells                             Type                      Level
   a - Pain                           Necromancy                   1
   b - Corpse Rot                     Necromancy                   2
   c - Sublimation of Blood           Necromancy                   2
   d - Regeneration                   Charms/Necromancy            3
   e - Control Undead                 Necromancy                   4
Comestibles
 g - a royal jelly
 j - a bread ration
 k - 2 chunks of flesh


   Skills:
 * Level 3.7 Fighting
 * Level 3.2 Long Blades
 * Level 4.2 Armour
 - Level 4.0 Shields


You had 3 spell levels left.
You didn't know any spells.

Dungeon Overview and Level Annotations

Branches:
Dungeon (2/15)

Altars:
Kikubaaqudgha


Innate Abilities, Weirdness & Mutations

You cannot be hasted, slowed, berserked, paralysed or teleported.
You can dig through walls and to a lower floor.
Your four strong arms can wield two-handed weapons with a shield.
You have a pair of large antennae on your head. (SInv)


Message History

A mysterious force pulls you upwards. The hatch slams shut behind you.
You are feeling hungry.
Why would you want to do that? Why would you want to do that?
Why would you want to do that? Why would you want to do that?
Why would you want to do that? Why would you want to do that?
Why would you want to do that?
Eating one of 3 chunks of flesh.
You eat one of the 3 chunks of flesh.
This raw flesh tastes terrible.
You enter the shallow water.
Moving in this stuff is going to be slow.
There is a large open door here.
You see here 19 sling bullets.
There is a fountain of clear blue water here.
There is a large open door here.
There is a staircase leading out of the dungeon here.
Are you sure you want to leave the Dungeon?
This will make you lose the game!
You have escaped!

.....≈≈≈≈≈≈≈≈≈≈≈≈≈≈≈≈≈≈≈≈≈≈≈.....
##(..≈≈≈≈≈≈≈≈≈≈≈≈≈≈≈≈≈≈≈≈≈≈≈...##
#...≈≈≈#+#+#≈≈≈≈≈≈≈#+#+#≈≈≈...##
#...≈≈≈+>..##+###+##..(+≈≈≈.....
#...≈≈≈+...'.......'...+≈≈≈....#
#)..≈≈≈#+###.#####.###+#≈≈≈....#
##...≈≈≈≈≈+...#...#...#≈≈≈≈)....#
...(.≈≈≈≈≈#.###...'.⌠.'≈≈≈..⌠...#
.....≈≈≈≈≈#.###.@.'.⌠('≈≈≈..⌠..>#
.....≈≈≈≈≈'...#...#...#≈≈≈≈.....#
.....≈≈≈#'###.#####.#'#+#≈≈≈....#
.....≈≈≈+...#.......#...+≈≈≈....#
.....≈≈≈+...##+###+##)..+≈≈≈....#
#....≈≈≈#+#+#≈≈≈≈≈≈≈#+#+#≈≈≈....#
#....≈≈≈≈≈≈≈≈≈≈≈≈≈≈≈≈≈≈≈≈≈≈≈....#
.....≈≈≈≈≈≈≈≈≈≈≈≈≈≈≈≈≈≈≈≈≈≈≈...#.
##...≈≈≈≈≈≈≈≈≈≈≈≈≈≈≈≈≈≈≈≈≈≈≈...##


There were no monsters in sight!

Vanquished Creatures
  2 adders (D:2)
  3 oozes
  2 worms (D:2)
  A dart slug (D:1)
  4 leopard geckos
  2 ball pythons (D:2)
  3 giant cockroaches (D:2)
  7 goblins
  2 hobgoblins
  3 jackals (D:2)
  10 bats
  3 frilled lizards
  5 kobolds
  3 rats
50 creatures vanquished.

Notes
Turn   | Place    | Note
-------+----------+-------------------------------------------
     0 | D:1      | theemperora the Formicid Fighter began the quest for the Orb.
     0 | D:1      | Reached XP level 1. HP: 18/18 MP: 1/1
   143 | D:1      | Reached XP level 2. HP: 21/24 MP: 2/2
   417 | D:1      | Reached XP level 3. HP: 29/29 MP: 3/3
  1408 | D:2      | Reached XP level 4. HP: 30/35 MP: 4/4
  2088 | D:2      | Found a faded altar of an unknown god.
  2109 | D:2      | Became a worshipper of Kikubaaqudgha
  2109 | D:2      | Reached * piety under Kikubaaqudgha
  2109 | D:2      | Identified Kikubaaqudgha's Grimoire of Dark Secrets (Kikubaaqudgha gifted it to you on level 2 of the Dungeon)
  2109 | D:2      | Received a gift from Kikubaaqudgha
  2358 | D:$      | Got out of the dungeon alive.

Skill      XL: |  1  2  3  4 |
---------------+-------------+-----
Shields        | 4 |  4.0
Armour         | 4 |  4.2
Long Blades    | 3 |  3.2
Fighting       | |  3.7

Action                   |  1- 3 |  4- 6 || total
-------------------------+-------+-------++-------
Melee: Long sword        |   117 |    59 ||   176
  Use: Scroll            |     4 |       ||     4
       Potion            |     3 |     1 ||     4
  Eat: Bread ration      |     1 |       ||     1
       Chunk             |       |     1 ||     1
Armor: Scale mail        |    82 |    37 ||   119
Dodge: Dodged            |    58 |    36 ||    94
Block: Shield            |    94 |    49 ||   143
       Rpst.: Long sword |    24 |    11 ||    35
